 Dungeon Crawl Stone Soup version 0.28-a0-1395-g4f6bc678fa (webtiles) character file.

Game seed: 6219470438498506357

193 HallandMoats the Covered (level 5, -5/33 HPs)
             Began as a Gargoyle Fighter on Jan 5, 2022.
             Slain by Menkaure (19 damage)
             ... on level 4 of the Dungeon.
             The game lasted 00:02:54 (3979 turns).

HallandMoats the Covered (Gargoyle Fighter)         Turns: 3979, Time: 00:02:56

Health: -5/33      AC: 10    Str: 20    XL:     5   Next: 72%
Magic:  5/5        EV: 11    Int:  8    God:
Gold:   150        SH:  4    Dex: 11    Spells: 4/4 levels left

rFire   . . .      SeeInvis .   a - +0 war axe
rCold   . . .      Faith    .   c - +0 buckler
rNeg    + . .      Spirit   .   p - +3 leather armour
rPois   ∞          Reflect  .   (no helmet)
rElec   +          Harm     .   (no cloak)
rCorr   .          Rampage  .   (no gloves)
Will    .....                   (no boots)
Stlth   +.........              (no amulet)
HPRegen 0.11/turn               (no ring)
MPRegen 0.09/turn               (no ring)

@: mighty
A: sickness immunity, AC +4, negative energy resistance 1, electricity
resistance, torment resistance 1, petrification resistance
a: no special abilities


You were on level 4 of the Dungeon.
You visited 1 branch of the dungeon, and saw 4 of its levels.

You collected 150 gold pieces.

Inventory:

Hand Weapons
 a - a +0 war axe (weapon)
Armour
 c - a +0 buckler (worn)
 p - a +3 leather armour (worn)
Scrolls
 b - a scroll of teleportation {unknown}
 e - 4 scrolls of identify {unknown}
 f - a scroll of magic mapping {unknown}
 g - a scroll of enchant weapon {unknown}
 m - a scroll of fog {unknown}
 q - a scroll of vulnerability {unknown}
Potions
 h - a potion of lignification {unknown}
 i - a potion of magic {unknown}
 j - a potion of degeneration {unknown}
 k - a potion of attraction {unknown}
 l - 2 potions of curing {unknown}
 n - a potion of mutation {unknown}
 o - a potion of flight {unknown}


   Skills:
 + Level 4.1 Fighting
 * Level 3.3 Axes
 + Level 4.1 Armour
 + Level 1.4 Dodging
 + Level 4.0 Shields


You had 4 spell levels left.
You didn't know any spells.
Your spell library was empty.

Dungeon Overview and Level Annotations

Branches:
Dungeon (4/15)
 Temple: D:4-7

Altars:
Sif Muna
Yredelemnul

Shops:
D:4 *

Annotations:
D:4 Menkaure


Innate Abilities, Weirdness & Mutations

You are immune to sickness and miasma.
Your stone body is resilient. (AC +4)
You are immune to poison.
You resist negative energy. (rN+)
You are resistant to electric shocks. (rElec)
You are resistant to unholy torment.
You are immune to petrification.


Message History

You kill the bat!
You see here a bat corpse.
Found a stone staircase leading up and a stone staircase leading down.
No target in view!
No target in view!
No target in view!
You open the door.
There is an open door here.
You now have 150 gold pieces (gained 16).
You open the door.
There is an open door here.
Key pressed, stopping explore.
No target in view!
Menkaure, Prince of Dust comes into view.
Menkaure shouts!
Menkaure is nearby!
A sky beast comes into view.
There are monsters nearby!
There is an open door here.
There are monsters nearby!
You slash Menkaure!
Menkaure is moderately damaged.
Menkaure shouts, "Why can't you leave me to my rest?"
Menkaure closely misses you.
There are monsters nearby!
There are monsters nearby!
You feel very mighty all of a sudden. You block the sky beast's attack.
Menkaure hits you but does no damage.
You hit Menkaure.
Menkaure is heavily damaged.
You hit the sky beast but do no damage. The sky beast barely misses you.
Menkaure hits you!!
Ouch! That really hurt!
You slash Menkaure!
Menkaure is almost destroyed.
You barely miss the sky beast.
The sky beast flickers out of sight!
Deactivating autopickup; reactivate with Ctrl-A.
Something hits you but does no damage. Menkaure hits you!!
Ouch! That really hurt!
You die...

#####+####
..........
.........#
.........#
.........+
.........# .
......{M.# #
###@## #
#....# #....#
# ####....#
........#
####
#.......#
....
#.......#
####
#.......#
#.......#####
#


You could see Menkaure.

Vanquished Creatures
  A scorpion (D:4)
  A centaur skeleton (D:2)
  An orc wizard (D:2)
  An adder (D:2)
  2 worms (D:2)
  9 orcs
  5 endoplasms
  6 goblins
  5 hobgoblins
  2 jackals (D:2)
  4 quokkas
  6 ball pythons
  5 bats
  A frilled lizard (D:3)
  2 kobolds
  8 rats
59 creatures vanquished.

Notes
Turn   | Place    | Note
-------+----------+-------------------------------------------
     0 | D:1      | HallandMoats the Gargoyle Fighter began the quest for the
                  | Orb.
     0 | D:1      | Reached XP level 1. HP: 14/14 MP: 1/1
   184 | D:1      | Reached XP level 2. HP: 19/19 MP: 2/2
   446 | D:1      | Found a faded altar of an unknown god.
  1103 | D:2      | Reached XP level 3. HP: 19/23 MP: 3/3
  1646 | D:2      | Reached XP level 4. HP: 28/29 MP: 4/4
  1749 | D:2      | Reached skill level 1 in Dodging
  2643 | D:3      | Reached XP level 5. HP: 28/33 MP: 5/5
  2837 | D:3      | Found a shimmering blue altar of Sif Muna.
  3502 | D:3      | Found a basalt altar of Yredelemnul.
  3593 | D:4      | Found Miugiol's Neck Hole.
  3972 | D:4      | Noticed Menkaure
  3974 | D:4      | Noticed a sky beast
  3979 | D:4      | Slain by Menkaure

Illustrated notes

Levels and vault maps discovered:
D:1:      dpeg_arrival_round_b, layout_loops_cross,
          hellmonk_ecumenical_altar_prayer_group, dk_noncrumbling_4,
          minmay_misc_feat_rugged
D:2:      layout_loops_ring
D:3:      layout_basic, lemuel_tele_altar, mainiacjoe_overflow_paths,
          minmay_pentangle, uniq_ijyb
D:4:      old_forge, layout_basic, nicolae_shop_sticking_my_neck_out,
          uniq_menkaure, uniq_grinder

Skill      XL: |  1  2  3  4  5 |
---------------+----------------+-----
Axes           | 2 3 |  3.3
Dodging        | 1 |  1.4
Armour         | 4 |  4.1
Fighting       | 4 |  4.1
Shields        | 4 |  4.0

Action                   |  1- 3 |  4- 6 || total
-------------------------+-------+-------++-------
Melee: War axe           |   102 |   104 ||   206
  Use: Potion            |       |     1 ||     1
Armor: Scale mail        |    62 |    37 ||    99
       Leather armour    |       |    20 ||    20
Dodge: Dodged            |    52 |    73 ||   125
Block: Buckler           |    25 |    26 ||    51

Table legend: (Time is in decaauts)
 A = Elapsed time spent in this place.
 B = Non-inter-level travel time spent in this place.
 C = Inter-level travel time spent in this place.
 D = Time resting spent in this place.
 E = Time spent auto-exploring this place.
 F = Levels seen in this place.
 G = Mean time per level.
                   A        B        C        D        E       F      G
               +--------+--------+--------+--------+--------+-----+--------+
         Total |   4055 |   3969 |     86 |    380 |   3079 |   4 | 1013.8 |
       Dungeon |   4055 |   3969 |     86 |    380 |   3079 |   4 | 1013.8 |
               +--------+--------+--------+--------+--------+-----+--------+

Top non-repeatable levels by time:
     D:3: 1318 daAuts
     D:2: 1221 daAuts
     D:1: 1088 daAuts
     D:4: 427 daAuts
